 Dungeon Crawl Stone Soup version 0.31-a0-949-g57150269e1 (webtiles) character file.

Game seed: 11703051000711885717

68567 octoduck the Spry (level 15, -7/112 HPs)
             Began as a Merfolk Ice Elementalist on Oct 22, 2023.
             Was an Initiate of Gozag.
             Mangled by a skeletal warrior
             ... wielding a +0 glaive
              (31 damage)
             ... on level 13 of the Dungeon.
             The game lasted 01:44:37 (29701 turns).

octoduck the Spry (Merfolk Ice Elementalist)       Turns: 29701, Time: 01:44:38

Health: -7/112     AC:  9    Str:  8    XL:     15   Next: 27%
Magic:  23/33      EV: 24    Int: 21    God:    Gozag
Gold:   5045       SH:  0    Dex: 22    Spells: 5/26 levels left

rFire   . . .        l - +7 Throatcutter {drain, coup de grace}
rCold   . . .        (no shield)
rNeg    + . .        L - +1 robe {rN+}
rPois   .            h - +2 helmet
rElec   .            R - +0 cloak
rCorr   .            o - +0 pair of gloves
SInv    .            O - +0 pair of boots
Will    +....        (no amulet)
Stlth   ++           B - ring of magical power
HPRegen 0.38/turn    n - +6 ring of dexterity
MPRegen 0.23/turn

%: no passive effects
@: no status effects
A: (nimble swimmer 2), mertail
a: Renounce Religion, Potion Petition, Call Merchant, Bribe Branch


You were on level 13 of the Dungeon.
You worshipped Gozag.
Gozag was greatly pleased with you.
You visited 3 branches of the dungeon, and saw 19 of its levels.
You also visited: Sewer.

You collected 5894 gold pieces.
You spent 110 gold pieces at shops.
You paid 739 gold pieces to Gozag.

Inventory:

Hand Weapons
 l - the +7 Throatcutter (weapon) {drain, coup de grace}
   (You found it on level 9 of the Dungeon)
 K - a +3 scimitar of flaming
Missiles
 m - 32 poisoned darts
 S - a throwing net
 U - 3 atropa-tipped darts
Armour
 h - a +2 helmet (worn)
 o - a +0 pair of gloves (worn)
 L - a +1 robe of positive energy (worn)
 O - a +0 pair of boots (worn)
 R - a +0 cloak (worn)
Magical Staves
 V - a staff of cold
Jewellery
 d - a ring of positive energy
 g - a ring of protection from fire
 n - a +6 ring of dexterity (right hand)
 p - a ring of resist corrosion
 v - the ring "Arghad" {rElec rPois rCorr MP+9}
   (You took it off an orc knight on level 12 of the Dungeon)

   [ring of resist corrosion]

   rElec:     It insulates you from electricity.
   rPois:     It protects you from poison MP+9: It affects your magic capacity
   (+9).
   rCorr:     It protects you from acid and corrosion.
 B - a ring of magical power (left hand)
 G - a +6 ring of intelligence
 M - a ring of flight
 P - a +6 ring of dexterity
Wands
 y - a wand of iceblast (11)
 J - a wand of charming (56)
 N - a wand of acid (5)
 W - a wand of polymorph (3)
 X - a wand of flame (16)
Scrolls
 a - 2 scrolls of poison
 c - 4 scrolls of teleportation
 j - 4 scrolls of amnesia
 u - a scroll of immolation
 A - 2 scrolls of fog
 C - 4 scrolls of revelation
 H - a scroll of brand weapon {unknown}
 Y - a scroll of enchant weapon
Potions
 b - a potion of invisibility {unknown}
 e - 5 potions of curing
 i - a potion of attraction
 k - 3 potions of magic
 q - 3 potions of lignification
 s - 4 potions of resistance
 t - 7 potions of heal wounds
 w - 2 potions of cancellation
 x - 2 potions of ambrosia
 z - 2 potions of berserk rage {unknown}
 D - 2 potions of enlightenment {unknown}
 E - 3 potions of brilliance
 Q - 4 potions of mutation
 Z - 2 potions of degeneration {unknown}
Miscellaneous
 f - a phantom mirror
 r - a phial of floods
 F - a condenser vane
 I - a lightning rod (4/4)
 T - a sack of spiders


   Skills:
 - Level 8.6 Fighting
 - Level 14.3 Long Blades
 + Level 15.0 Dodging
 - Level 2.1 Stealth
 - Level 6.1 Spellcasting
 + Level 13.3 Summonings
 - Level 12.0 Ice Magic
 - Level 7.0 Air Magic


You had 5 spell levels left.
You knew the following spells:

 Your Spells              Type           Power      Damage    Failure   Level
a - Freeze                Ice            100%       1d10      1%          1
b - Frozen Ramparts       Ice            100%       1d16      1%          3
c - Ozocubu's Armour      Ice            54%        N/A       1%          3
d - Summon Ice Beast      Ice/Summ       56%        N/A       1%          4
e - Summon Lightning Spi  Summ/Air       49%        N/A       1%          4
f - Summon Cactus Giant   Summ           29%        N/A       6%          6

Your spell library contained the following spells:

 Spells                   Type           Power      Damage    Failure   Level
 Airstrike                Air            18%        2d(3-19)  5%          4
 Foxfire                  Conj/Fire      24%        2x1d5     10%         1
 Necrotise                Necr           24%        1d5       10%         1
 Lesser Beckoning         Tloc           12%        N/A       14%         2
 Metabolic Englaciation   Hex/Ice        15%        N/A       22%         5
 Gell's Gravitas          Tloc           6%         N/A       28%         3
 Teleport Other           Tloc           6%         N/A       28%         3
 Tukima's Dance           Hex            6%         N/A       28%         3
 Vampiric Draining        Necr           6%         2d6       28%         3
 Volatile Blastmotes      Fire/Tloc      12%        2d11      28%         3
 Silence                  Hex/Air        10%        N/A       54%         5
 Dimensional Bullseye     Hex/Tloc       3%         N/A       67%         4
 Flame Wave               Conj/Fire      6%         2d5       67%         4
 Iskenderun's Mystic Bla  Conj/Tloc      6%         2d4       67%         4
 Manifold Assault         Tloc           6%         N/A       67%         4
 Sticky Flame             Conj/Fire      6%         2d3       67%         4
 Agony                    Necr           6%         N/A       95%         5
 Alistair's Intoxication  Tmut/Pois      4%         N/A       95%         5
 Borgnjor's Vile Clutch   Necr/Erth      3%         N/A       95%         5
 Dispersal                Tloc           3%         N/A       100%        6
 Eringya's Noxious Bog    Tmut/Pois      3%         4d6       100%        6
 Disjunction              Tloc           3%         N/A       100%        8
 Simulacrum               Ice/Necr       Unusable   N/A       N/A         6

Dungeon Overview and Level Annotations

Branches:
Dungeon (13/15)            Temple (0/1) D:5            Lair (5/5) D:10
 Shoals (1/4) Lair:2       Spider (0/4) Lair:2        Slime (0/5) Lair:5
    Orc (0/2) D:11          Sewer (visited)
 Vaults: D:13-14

Altars:
Ashenzari
Cheibriados
Dithmenos
Fedhas
Gozag
Kikubaaqudgha
Makhleb
Nemelex Xobeh
Qazlal
Trog
Jiyva

Shops:
D:4 (   D:7 :   D:8 (   D:10 [

Annotations:
D:3 3 runed translucent doors, gelatine's ghost, amateur DsSh
D:11 exclusion: ugly thing


Innate Abilities, Weirdness & Mutations

((You are very nimble when in or above water. (Stealth+, EV+, Speed+++)))
Your lower body shifts to a powerful aquatic tail in water.


Message History

The skeletal warrior hits you with a +0 glaive!
Your cactus giant hits the skeletal warrior with a +0 giant spiked club!
The wall freezes the skeletal warrior but does no damage.
Casting: Frozen Ramparts (safe; 1% risk of failure)
Confirm with . or Enter, or press ? or * to list all spells.
A film of ice covers your body!
The wall freezes the skeletal warrior but does no damage.
The skeletal warrior hits you with a +0 battleaxe!
The skeletal warrior hits your cactus giant with a +0 battleaxe.
The wall freezes the skeletal warrior but does no damage.
The skeletal warrior hits you but does no damage.
You hit the skeletal warrior.
The skeletal warrior is moderately damaged.
The skeletal warrior resists.
The wall freezes the skeletal warrior.
The skeletal warrior misses you.
The skeletal warrior hits your cactus giant with a +0 battleaxe!!
The skeletal warrior resists.
The wall freezes the skeletal warrior.
The wall freezes the skeletal warrior but does no damage.
The skeletal warrior hits you with a +0 glaive!
You hit the skeletal warrior but do no damage.
The skeletal warrior is moderately damaged.
The wall freezes the skeletal warrior but does no damage.
The skeletal warrior completely misses you.
The skeletal warrior hits your cactus giant with a +0 battleaxe!!
The skeletal warrior resists.
The wall freezes the skeletal warrior.
The skeletal warrior completely misses you.
Your cactus giant hits the skeletal warrior but does no damage.
Your icy armour cracks and falls away as you move.
The frozen ramparts melt away as you move.
The skeletal warrior attacks as it pursues you!
The skeletal warrior misses you.
The skeletal warrior hits your cactus giant with a +0 battleaxe!
The skeletal warrior misses you.
Your cactus giant barely misses the skeletal warrior.
There is a stone staircase leading up here.
The skeletal warrior hits you with a +0 battleaxe!!
* * * LOW HITPOINT WARNING * * *
The skeletal warrior hits you from afar with a +0 glaive!!
You die...
Your body crumbles into a pile of gold.

#..#.#...#
#..#.#...#
#..#.##..#
#..#.# #.#
#..#.# .#
#..#.# .#
#..#.# ..
#..#.# #@.#.#
##z#.###
##### #z....#
#.....#z....#
#....z'.C...#
#.....##....#
#.....
##+#....
#.... .###
#.... .#


You could see 3 skeletal warriors and a friendly cactus giant (summoned).

Vanquished Creatures
  The ghost of Niditoudgh the Grappler, a journeyman TrFi of Dithmenos (D:12)
  Snorg (Lair:5)
  2 centaur warriors (D:12)
  3 hydras
  2 boulder beetles
  Erica (D:8)
  3 two-headed ogres
  3 skysharks
  An arcanist (D:12)
  Pikel (D:7)
  An orc knight (D:12)
  3 cyclopes
  2 manticores (D:12)
  26 elephants
  5 black mambas
  A merfolk siren (Lair:2)
  3 gargoyles
  15 cane toads
  7 komodo dragons
  2 unseen horrors
  4 rime drakes
  A yaktaur (D:12)
  3 trolls
  4 polar bears
  3 hornets
  27 blink frogs
  2 tyrant leeches (Lair:5)
  7 slime creatures (D:12)
  2 wraiths
  4 basilisks
  3 wyverns (D:10)
  38 yaks
  6 vampire mosquitoes
  A warg (shapeshifter) (D:12)
  3 wargs (D:11)
  13 water moccasins
  An orc warrior (D:7)
  3 sky beasts
  2 ice beasts (D:7)
  3 black bears
  4 centaurs
  A lemure (D:7)
  15 wolves
  2 phantoms
  A kobold brigand (Sewer)
  2 nameless horrors
  21 bullfrogs
  A gnoll sergeant (D:11)
  7 scorpions
  12 killer bees
  3 electric eels
  3 howler monkeys
  3 orc priests
  6 hounds
  7 jellies
  A gnoll bouda (D:5)
  16 orc wizards
  2 sleepcaps (D:6)
  A mummy (D:5)
  Robin (D:2)
  5 adders
  17 gnolls
  A river rat (D:3)
  2 shadow imps
  2 white imps
  2 ufetubi (D:6)
  3 worms
  3 dart slugs
  24 orcs
  6 bats
  23 endoplasms
  5 giant cockroaches
  10 goblins
  8 hobgoblins
  4 jackals (D:4)
  4 quokkas
  16 ball pythons
  6 frilled lizards
  19 kobolds
  6 rats
488 creatures vanquished.

Vanquished Creatures (collateral kills)
  Nessos (D:12)
  2 catoblepae (Lair:1)
  A centaur warrior (D:12)
  2 skysharks (Lair:5)
  A cyclops (D:13)
  Maurice (D:10)
  3 elephants
  A gargoyle (D:12)
  A cane toad (Lair:5)
  An efreet (D:12)
  A troll (D:10)
  9 blink frogs
  A slime creature (Lair:3)
  A wraith (D:12)
  2 basilisks
  9 yaks
  2 steam dragons
  2 acid dragons
  2 water moccasins
  2 black bears
  A lemure (D:7)
  A kobold brigand (D:9)
  3 bullfrogs
  A gnoll sergeant (D:12)
  4 wights (D:7)
  4 killer bees
  2 jellies (Lair:5)
  3 orc priests
  A gnoll bouda (D:7)
  An orc wizard (D:8)
  7 gnolls
  A white imp (D:7)
  A worm (Lair:2)
  3 orcs
  6 endoplasms
  A kobold (D:9)
85 creatures vanquished.

Vanquished Creatures (others)
  A slime creature (D:12)
1 creature vanquished.

Grand Total: 574 creatures vanquished

Notes
Turn   | Place    | Note
-------+----------+-------------------------------------------
     0 | D:1      | octoduck the Merfolk Ice Elementalist began the quest for
                  | the Orb.
     0 | D:1      | Reached XP level 1. HP: 13/13 MP: 3/3
   598 | D:1      | Reached XP level 2. HP: 10/19 MP: 0/5
   750 | D:1      | Reached skill level 5 in Ice Magic
  1354 | D:2      | Reached XP level 3. HP: 22/24 MP: 2/6
  2409 | D:2      | Noticed Robin
  2461 | D:2      | Killed Robin
  2462 | D:2      | Reached XP level 4. HP: 28/30 MP: 2/7
  2720 | D:2      | Learned a level 3 spell: Frozen Ramparts
  2721 | D:3      | Identified the "Uxtanue"
  2781 | D:3      | Reached XP level 5. HP: 18/35 MP: 0/8
  2910 | D:3      | Learned a level 3 spell: Ozocubu's Armour
  2930 | D:3      | Found a glowing drain.
  2941 | Sewer    | Entered a sewer
  3183 | Sewer    | Noticed a kobold brigand
  3208 | Sewer    | Killed a kobold brigand
  3209 | Sewer    | Reached XP level 6. HP: 33/41 MP: 5/9
  3817 | D:3      | Noticed a water moccasin
  4251 | D:4      | Found Rufreuclo's Antique Weapon Shoppe.
  4336 | D:4      | Found an opulent altar of Gozag.
  4434 | D:4      | Reached XP level 7. HP: 20/46 MP: 10/10
  4484 | D:4      | Became a worshipper of Gozag Ym Sagoz the Greedy
  4993 | D:4      | Found an ancient bone altar of Kikubaaqudgha.
  5016 | D:4      | Found a bloodstained altar of Trog.
  5026 | D:4      | Reached skill level 10 in Ice Magic
  5409 | D:5      | Entered Level 5 of the Dungeon
  5418 | D:5      | Found a snail-covered altar of Cheibriados.
  5597 | D:5      | Found a staircase to the Ecumenical Temple.
  5631 | D:5      | Found a broken altar of Ashenzari.
  5641 | D:5      | Reached XP level 8. HP: 52/52 MP: 4/11
  6423 | D:5      | Learned a level 4 spell: Summon Ice Beast
  6489 | D:6      | Reached skill level 1 in Fighting
  6496 | D:6      | Reached skill level 1 in Summonings
  7047 | D:6      | Found a shadowy altar of Dithmenos.
  8055 | D:7      | Identified the of Orghioma
  8208 | D:7      | Reached XP level 9. HP: 62/66 MP: 2/12
  8643 | D:7      | Reached skill level 5 in Fighting
  9005 | D:7      | Found Duock's Tiny Tomes.
  9012 | D:7      | Bought Sif Muna's Quarto of Company for 110 gold pieces
  9061 | D:7      | Reached skill level 5 in Summonings
  9156 | D:7      | Found a blossoming altar of Fedhas.
  9255 | D:7      | Found a burning altar of Makhleb.
  9313 | D:7      | Reached skill level 3 in Dodging
  9858 | D:8      | Noticed a two-headed ogre
  9959 | D:8      | Noticed Erica
  9959 | D:8      | Noticed Pikel
  9970 | D:7      | Killed Pikel
  9971 | D:7      | Reached skill level 5 in Dodging
 10280 | D:8      | Killed Erica
 10281 | D:8      | Reached skill level 6 in Dodging
 10281 | D:8      | Reached XP level 10. HP: 43/79 MP: 13/13
 10429 | D:8      | Found Danymips's Weapon Boutique.
 10730 | D:8      | Reached skill level 7 in Dodging
 10962 | D:8      | Noticed a two-headed ogre
 10970 | D:8      | Killed a two-headed ogre
 11263 | D:7      | Reached skill level 8 in Dodging
 11799 | D:3      | Found a runed translucent gate.
 11800 | D:3      | Found a runed translucent gate.
 11801 | D:3      | Found a runed translucent gate.
 11801 | D:3      | Noticed gelatine's ghost (amateur DsSh)
 12957 | D:9      | Reached skill level 1 in Long Blades
 13267 | D:9      | Found the +7 Throatcutter {drain, coup de grace}
 14172 | D:10     | Entered Level 10 of the Dungeon
 14172 | D:10     | Noticed a two-headed ogre
 14239 | D:10     | Found a stormy altar of Qazlal.
 14241 | D:10     | Noticed Maurice
 14256 | D:10     | Killed Maurice
 14509 | D:10     | Reached XP level 11. HP: 87/87 MP: 13/17
 14527 | D:10     | Reached skill level 5 in Long Blades
 14543 | D:10     | Found a staircase to the Lair.
 14559 | D:10     | Reached skill level 5 in Spellcasting
 14956 | D:10     | Found Cobuig's Antique Armour Shoppe.
 14981 | D:10     | Killed a two-headed ogre
 15173 | D:10     | Found a sparkling altar of Nemelex Xobeh.
 15494 | D:10     | Learned a level 4 spell: Summon Lightning Spire
 15573 | D:11     | Reached skill level 1 in Air Magic
 15969 | D:11     | Noticed a cyclops
 15991 | D:11     | Killed a cyclops
 16111 | D:11     | Paralysed by a hornet for 3 turns
 16486 | D:11     | Noticed a red ugly thing
 16801 | D:11     | Found a staircase to the Orcish Mines.
 17183 | D:12     | Noticed a boulder beetle
 17279 | Lair:1   | Entered Level 1 of the Lair of Beasts
 17382 | Lair:1   | Reached XP level 12. HP: 75/94 MP: 21/21
 17383 | Lair:1   | Reached skill level 10 in Long Blades
 17648 | Lair:1   | Reached skill level 5 in Air Magic
 17978 | Lair:1   | Noticed a catoblepas
 18006 | Lair:1   | Killed a catoblepas
 18589 | Lair:1   | Noticed a catoblepas
 18639 | Lair:1   | Killed a catoblepas
 19290 | Lair:2   | Found a hole to the Spider Nest.
 19523 | Lair:2   | Noticed a four-headed hydra
 19914 | Lair:2   | Reached XP level 13. HP: 99/99 MP: 22/22
 20669 | Lair:2   | Found a staircase to the Shoals.
 23055 | Lair:4   | Reached skill level 9 in Dodging
 23587 | Lair:4   | Reached skill level 10 in Dodging
 23587 | Lair:4   | Reached skill level 10 in Summonings
 23587 | Lair:4   | Reached XP level 14. HP: 106/106 MP: 23/23
 24256 | Lair:5   | Identified the "Laeburio"
 24256 | Lair:5   | Entered Level 5 of the Lair of Beasts
 24298 | Lair:5   | Learned a level 6 spell: Summon Cactus Giant
 24379 | Lair:5   | Found a staircase to the Slime Pits.
 24645 | Lair:5   | Noticed Snorg
 24841 | Lair:5   | Reached skill level 11 in Dodging
 25023 | Lair:5   | Found a viscous altar of Jiyva.
 25054 | Lair:5   | Killed Snorg
 25338 | Lair:5   | Reached skill level 12 in Dodging
 26019 | Lair:5   | Reached skill level 13 in Dodging
 26965 | Shoals:1 | Entered Level 1 of the Shoals
 27600 | D:12     | Found a large runed translucent door.
 27600 | D:12     | Found a large runed translucent door.
 27604 | D:12     | Noticed Niditoudgh's ghost (journeyman TrFi)
 28044 | D:12     | Reached skill level 14 in Dodging
 28234 | D:12     | Noticed Nessos
 28400 | D:12     | Killed Nessos
 28401 | D:12     | Reached XP level 15. HP: 43/112 MP: 14/24
 29213 | D:12     | Identified the ring "Arghad" {rElec rPois rCorr MP+9}
 29444 | D:12     | Killed Niditoudgh's ghost
 29445 | D:12     | Reached skill level 15 in Dodging
 29701 | D:13     | Mangled by a skeletal warrior

Illustrated notes

Levels and vault maps discovered:
D:1:      amcnicky_arrival_blooded_trapdoor, layout_basic,
          kennysheep_minor_cross
D:2:      cheibrodos_old_hovel, layout_basic, minmay_split_cup_large, uniq_robin
D:3:      layout_loops_ring, mainiacjoe_sewer_entry_somewhere_in_here_1,
          gammafunk_ghost_nasty_kobolds
D:4:      layout_cave_pods, mainiacjoe_overflow_large_starburst,
          nicolae_gozag_cash_rules_everything_around_me,
          hangedman_decor_clover_reticule, nicolae_take_the_stairs
D:5:      layout_loops_ring, mainiacjoe_overflow_small_starburst, slow_altar_1,
          minmay_temple_entry_hall
D:6:      layout_layer_cave, grunt_dithmenos_shadows
D:7:      layout_basic, fedhas_altar_4, kennysheep_mini_moat, minivault_26,
          minmay_misc_feat_room, nicolae_shop_i_like_small_books_too
D:8:      layout_basic, serial_shops, nicolae_shop_stone, uniq_erica, uniq_pikel
D:9:      layout_cave_pods, nicolae_zen_rock_garden
D:10:     layout_loops_ring, old_standard_altar,
          nemelex_xobeh_ov_fountains_minmay, minmay_lair_entry_grove,
          serial_shops, shop, uniq_maurice
D:11:     layout_basic, minmay_orc_entry_guard_dogs
D:12:     minmay_the_grid_square_5x5_3x3 [minmay_the_grid_square_5x5_slash,
          minmay_the_grid_square_5x5_three_small,
          minmay_the_grid_square_5x5_misaligned,
          minmay_the_grid_square_5x5_corner,
          minmay_the_grid_square_5x5_megaprize_checkered,
          minmay_the_grid_square_5x5_beaten_path,
          minmay_the_grid_square_5x5_minibox, minmay_the_grid_square_5x5_bridge,
          minmay_the_grid_square_5x5_plus], layout_cross,
          ebering_ghost_disaster_area, uniq_nessos
D:13:     layout_basic, hellmonk_vaults_attempted_burglary
Lair:1:   hellmonk_destroyed_diamonds, layout_cave_pods
Lair:2:   layout_cave_pods, minmay_shoals_entry_lonely_mermaid,
          nicolae_spider_entry_non_spiders, minivault_24, serial_bayou_shore_b,
          serial_bayou_shore_a, grunt_megastairs_2
Lair:3:   lemuel_slime, layout_chaotic_city, grunt_megastairs_1,
          lemuel_fruit_tree
Lair:4:   layout_cave_pods
Lair:5:   minmay_lair_end_frog_pond, layout_loops_ring,
          nicolae_slime_entry_slimehenge, st_stairs_10, uniq_snorg
Shoals:1: layout_shoals, nicolae_shop_vocational

Skill      XL: |  1  2  3  4  5  6  7  8  9 10 11 12 13 14 15 |
---------------+----------------------------------------------+-----
Ice Magic      | 5 6 7 8 10 11 12 | 12.0
Fighting       | 4 7 8 |  8.6
Summonings     | 4 5 6 10 12 13 | 13.3
Dodging        | 6 8 10 14 15 | 15.0
Long Blades    | 4 9 12 14 | 14.3
Spellcasting   | 4 6 |  6.1
Air Magic      | 3 7 |  7.0
Stealth        | |  2.1

Action                     |  1- 3 |  4- 6 |  7- 9 | 10-12 | 13-15 || total
---------------------------+-------+-------+-------+-------+-------++-------
  Melee: Whip              |    27 |   130 |   158 |    52 |       ||   367
         Tailslap          |       |     2 |       |       |     2 ||     4
         Punch             |       |     1 |     3 |     2 |     8 ||    14
         Dagger            |       |       |    81 |    21 |       ||   102
         Long sword        |       |       |       |   176 |   534 ||   710
         Scimitar          |       |       |       |    11 |     2 ||    13
  Throw: Dart              |     8 |     2 |     6 |    13 |     5 ||    34
   Cast: Freeze            |    38 |     9 |     1 |       |     1 ||    49
         Frozen Ramparts   |       |    12 |    25 |    50 |    60 ||   147
         Ozocubu's Armour  |       |     8 |    28 |    44 |    47 ||   127
         Summon Ice Beast  |       |       |    10 |    54 |    42 ||   106
         Summon Lightning  |       |       |       |     7 |    23 ||    30
         Summon Cactus Gia |       |       |       |       |     9 ||     9
 Invoke: Potion Petition   |       |       |       |     1 |       ||     1
  Evoke: Wand              |       |       |       |     6 |       ||     6
    Use: Scroll            |     7 |     2 |     3 |     6 |     4 ||    22
         Potion            |       |       |       |     2 |     1 ||     3
   Stab: Sleeping          |     2 |     7 |     1 |     5 |     2 ||    17
         Distracted        |       |     1 |     2 |     2 |     7 ||    12
 Armour: Robe              |    31 |    59 |   187 |   203 |   319 ||   799
  Dodge: Dodged            |    33 |    97 |   191 |   312 |   507 ||  1140

Table legend: (Time is in decaauts)
 A = Elapsed time spent in this place.
 B = Non-inter-level travel time spent in this place.
 C = Inter-level travel time spent in this place.
 D = Time resting spent in this place.
 E = Time spent auto-exploring this place.
 F = Levels seen in this place.
 G = Mean time per level.
                   A        B        C        D        E       F      G
               +--------+--------+--------+--------+--------+-----+--------+
         Total |  29489 |  26996 |   2493 |   7934 |  12846 |  20 | 1474.4 |
       Dungeon |  19252 |  17496 |   1756 |   4979 |   8694 |  13 | 1480.9 |
          Lair |   9713 |   8977 |    736 |   2741 |   4012 |   5 | 1942.6 |
        Shoals |      1 |      1 |      0 |      0 |      0 |   1 |    1.0 |
         Sewer |    522 |    522 |      0 |    213 |    140 |   1 |  522.0 |
               +--------+--------+--------+--------+--------+-----+--------+

Top non-repeatable levels by time:
  Lair:5: 2328 daAuts
    D:11: 2214 daAuts
  Lair:1: 2173 daAuts
     D:7: 2119 daAuts
  Lair:4: 2060 daAuts
     D:8: 1900 daAuts
    D:12: 1866 daAuts
  Lair:2: 1691 daAuts
     D:6: 1554 daAuts
     D:2: 1522 daAuts
  Lair:3: 1459 daAuts
     D:4: 1422 daAuts
    D:10: 1340 daAuts
     D:3: 1340 daAuts
     D:9: 1336 daAuts
